TOP OF THE 1ST |
Knoxville Blue Jays batting - Pitching for Mobile Bears : RHP Antonio Morales
|
Pitching: RHP Antonio Morales
|
|
Batting: RHB Alex Taveras
|
0-0: Ball 1-0: Fly out, F8 (Flyball, 8RD, EV 94.4 MPH)
|
Batting: RHB Jose Canseco
|
0-0: Ball 1-0: Swinging Strike 1-1: Ball 2-1: Ball 3-1: SINGLE (Line Drive, 7S, EV 108.8 MPH)
|
Batting: RHB Fritzie Connally
|
0-0: Ball 1-0: Foul Ball, location: 2F 1-1: Ball 2-1: Ball 3-1: Base on Balls Jose Canseco to second
|
Batting: LHB Dan Logan
|
0-0: Ball 1-0: Swinging Strike 1-1: Foul Ball, location: 2F 1-2: Strikes out swinging
|
Batting: RHB Alex Villalobos
|
0-0: Ball 1-0: Ball 2-0: Foul Ball, location: 2F 2-1: Ball 3-1: Base on Balls Jose Canseco to third Fritzie Connally to second
|
Batting: LHB Paul O'Neill
|
0-0: Ball 1-0: Ball 2-0: Called Strike 2-1: Foul Ball, location: 2F 2-2: Strikes out swinging
|
Top of the 1st over - 0 runs, 1 hit, 0 errors, 3 left on base; Knoxville 0 - Mobile 0 |
BOTTOM OF THE 1ST |
Mobile Bears batting - Pitching for Knoxville Blue Jays : RHP Alex Orozco
|
Pitching: RHP Alex Orozco
|
|
Batting: LHB Jeffrey Szczecinski
|
0-0: Ball 1-0: Ground out 5-3 (Groundball, 5L, EV 91.3 MPH)
|
Batting: RHB Bob Hendershot
|
0-0: Foul Ball, location: 2F 0-1: Called Strike 0-2: Strikes out looking
|
Batting: LHB Franklin Stubbs
|
0-0: Foul Ball, location: 2F 0-1: Ball 1-1: Ball 2-1: Ball 3-1: Base on Balls
|
Batting: SHB Paul Hundhammer
|
0-0: Called Strike 0-1: Called Strike 0-2: Strikes out looking
|
Bottom of the 1st over - 0 runs, 0 hits, 0 errors, 1 left on base; Knoxville 0 - Mobile 0 |
TOP OF THE 2ND |
Knoxville Blue Jays batting - Pitching for Mobile Bears : RHP Antonio Morales
|
Batting: RHB Eugene Pallavicini
|
0-0: Called Strike 0-1: Ground out 5-3 (Groundball, 56S, EV 88.1 MPH)
|
Now at 3B: Dave Cochrane
|
|
Batting: RHB Jerry Royster
|
0-0: Ball 1-0: Ball 2-0: Ground out 4-3 (Groundball, 4, EV 88.8 MPH)
|
Batting: RHB Dave Hogg
|
0-0: Called Strike 0-1: Foul Ball, location: 2F 0-2: Strikes out looking
|
Top of the 2nd over - 0 runs, 0 hits, 0 errors, 0 left on base; Knoxville 0 - Mobile 0 |
BOTTOM OF THE 2ND |
Mobile Bears batting - Pitching for Knoxville Blue Jays : RHP Alex Orozco
|
Batting: LHB Ken Smith
|
0-0: Called Strike 0-1: Swinging Strike 0-2: Strikes out swinging
|
Batting: SHB Dave Cochrane
|
0-0: Ball 1-0: Fly out, F9 (Flyball, 9S, EV 73.1 MPH)
|
Batting: RHB Walter Steele
|
0-0: Ball 1-0: Ball 2-0: Swinging Strike 2-1: Foul Ball, location: 2F 2-2: Ball 3-2: Foul Ball, location: 2F 3-2: Base on Balls
|
Batting: RHB Rick Stromer
|
0-0: Ball 1-0: Foul Ball, location: 2F 1-1: Ball 2-1: Fly out, F8 (Flyball, 8LXD, EV 98.1 MPH)
|
Bottom of the 2nd over - 0 runs, 0 hits, 0 errors, 1 left on base; Knoxville 0 - Mobile 0 |
TOP OF THE 3RD |
Knoxville Blue Jays batting - Pitching for Mobile Bears : RHP Antonio Morales
|
Batting: RHB Alex Taveras
|
0-0: Called Strike 0-1: Fly out, F8 (Line Drive, 8RD, EV 103.8 MPH)
|
Batting: RHB Jose Canseco
|
0-0: Foul Ball, location: 2F 0-1: Foul Ball, location: 2F 0-2: Ball 1-2: Ball 2-2: Fly out, F7 (Flyball, 7, EV 91.9 MPH)
|
Batting: RHB Fritzie Connally
|
0-0: Ball 1-0: Ground out 5-3 (Groundball, 56, EV 88.8 MPH)
|
Top of the 3rd over - 0 runs, 0 hits, 0 errors, 0 left on base; Knoxville 0 - Mobile 0 |
BOTTOM OF THE 3RD |
Mobile Bears batting - Pitching for Knoxville Blue Jays : RHP Alex Orozco
|
Batting: RHB Jim Opie
|
0-0: Ball 1-0: Swinging Strike 1-1: Called Strike 1-2: Foul Ball, location: 2F 1-2: Ball 2-2: Foul Ball, location: 2F 2-2: Strikes out swinging
|
Batting: LHB Jeffrey Szczecinski
|
0-0: Ball 1-0: Foul Ball, location: 2F 1-1: Ball 2-1: Ball 3-1: Foul Ball, location: 2F 3-2: Foul Ball, location: 2F 3-2: Ground out 6-3 (Groundball, 6, EV 80.6 MPH)
|
Batting: RHB Bob Hendershot
|
0-0: Ball 1-0: Ball 2-0: Foul Ball, location: 2F 2-1: Called Strike 2-2: Foul Ball, location: 2F 2-2: Ball 3-2: Foul Ball, location: 2F 3-2: Strikes out swinging
|
Bottom of the 3rd over - 0 runs, 0 hits, 0 errors, 0 left on base; Knoxville 0 - Mobile 0 |
TOP OF THE 4TH |
Knoxville Blue Jays batting - Pitching for Mobile Bears : RHP Antonio Morales
|
Batting: LHB Dan Logan
|
0-0: Ball 1-0: Foul Ball, location: 2F 1-1: SOLO HOME RUN (Flyball, 9D, EV 104.4 MPH), Distance : 372 ft
|
Batting: RHB Alex Villalobos
|
0-0: Ball 1-0: Ball 2-0: Foul Ball, location: 2F 2-1: SINGLE (Groundball, 6D, EV 96.9 MPH)
|
Batting: LHB Paul O'Neill
|
0-0: Ball 1-0: Ball 2-0: Called Strike 2-1: Ball 3-1: Swinging Strike 3-2: Strikes out swinging
|
Batting: RHB Eugene Pallavicini
|
0-0: Called Strike 0-1: Ball 1-1: Ball 2-1: Foul Ball, location: 2F 2-2: Foul Ball, location: 2F 2-2: Fly out, F9 (Flyball, 9LM, EV 88.1 MPH)
|
Batting: RHB Jerry Royster
|
0-0: Ball 1-0: DOUBLE (Flyball, 89D, EV 103.1 MPH) Alex Villalobos to third Runner from 3rd tries for Home, SAFE, no throw by CF
|
Batting: RHB Dave Hogg
|
0-0: Called Strike 0-1: Ball 1-1: Ball 2-1: Reached on error, E5 (Groundball, 56S, EV 80.0 MPH) Jerry Royster to third
|
Batting: RHB Alex Taveras
|
0-0: Ball 1-0: Ball 2-0: Called Strike 2-1: Ball 3-1: Foul Ball, location: 2F 3-2: Foul Ball, location: 2F 3-2: Strikes out looking
|
Top of the 4th over - 2 runs, 3 hits, 1 error, 2 left on base; Knoxville 2 - Mobile 0 |
BOTTOM OF THE 4TH |
Mobile Bears batting - Pitching for Knoxville Blue Jays : RHP Alex Orozco
|
Batting: LHB Franklin Stubbs
|
0-0: Ball 1-0: Ball 2-0: Ball 3-0: Base on Balls
|
Batting: SHB Paul Hundhammer
|
0-0: Ball 1-0: SINGLE (Line Drive, 56, EV 100.0 MPH) Franklin Stubbs to second
|
Batting: LHB Ken Smith
|
0-0: Ball 1-0: Ball 2-0: Swinging Strike 2-1: Foul Ball, location: 2F 2-2: Strikes out swinging
|
Batting: SHB Dave Cochrane
|
0-0: Foul Ball, location: 2F 0-1: Ball 1-1: Foul Ball, location: 2F 1-2: Ball 2-2: DOUBLE (Line Drive, 9LS, EV 103.1 MPH) Franklin Stubbs scores Paul Hundhammer to third
|
Batting: RHB Walter Steele
|
0-0: Called Strike 0-1: Ball 1-1: Swinging Strike 1-2: Ball 2-2: Strikes out swinging
|
Batting: RHB Rick Stromer
|
0-0: Ball 1-0: Foul Ball, location: 2F 1-1: Ball 2-1: Ball 3-1: DOUBLE (Line Drive, 5D, EV 99.4 MPH) Paul Hundhammer scores Dave Cochrane scores
|
Batting: RHB Jim Opie
|
0-0: Called Strike 0-1: Foul Ball, location: 2F 0-2: Strikes out looking
|
Bottom of the 4th over - 3 runs, 3 hits, 0 errors, 1 left on base; Knoxville 2 - Mobile 3 |
TOP OF THE 5TH |
Knoxville Blue Jays batting - Pitching for Mobile Bears : RHP Antonio Morales
|
Batting: RHB Jose Canseco
|
0-0: Ball 1-0: Ground out 6-3 (Groundball, 6, EV 98.1 MPH)
|
Batting: RHB Fritzie Connally
|
0-0: SINGLE (Groundball, 56, EV 80.0 MPH) (infield hit)
|
Batting: LHB Dan Logan
|
0-0: Called Strike 0-1: Ball 1-1: Ball 2-1: Foul Ball, location: 2F 2-2: Ball 3-2: Base on Balls Fritzie Connally to second
|
Batting: RHB Alex Villalobos
|
0-0: Called Strike 0-1: Fly out, F7 (Flyball, 7S, EV 90.6 MPH)
|
Batting: LHB Paul O'Neill
|
0-0: Ball 1-0: Ball 2-0: Swinging Strike 2-1: Called Strike 2-2: Ball Wild Pitch! Fritzie Connally to third Dan Logan to second 3-2: Fly out, F9 (Flyball, 9, EV 72.5 MPH)
|
Top of the 5th over - 0 runs, 1 hit, 0 errors, 2 left on base; Knoxville 2 - Mobile 3 |
BOTTOM OF THE 5TH |
Mobile Bears batting - Pitching for Knoxville Blue Jays : RHP Alex Orozco
|
Batting: LHB Jeffrey Szczecinski
|
0-0: Swinging Strike 0-1: Foul Ball, location: 2F 0-2: Ball 1-2: Foul Ball, location: 2F 1-2: Ground out 6-3 (Groundball, 56, EV 98.8 MPH)
|
Batting: RHB Bob Hendershot
|
0-0: Ball 1-0: Fly out, F8 (Flyball, 8RD, EV 82.5 MPH)
|
Batting: LHB Franklin Stubbs
|
0-0: Ball 1-0: Ball 2-0: Ball 3-0: Base on Balls
|
Batting: SHB Paul Hundhammer
|
0-0: Foul Ball, location: 2F 0-1: Ball 1-1: Foul Ball, location: 2F 1-2: DOUBLE (Line Drive, 9LS, EV 94.4 MPH) Franklin Stubbs to third Runner from 3rd tries for Home, SAFE, no throw by RF
|
Batting: LHB Ken Smith
|
0-0: SINGLE (Line Drive, 34, EV 99.4 MPH) Paul Hundhammer to third Runner from 3rd tries for Home, throw by RF and OUT! 9-2
|
Bottom of the 5th over - 1 run, 2 hits, 0 errors, 1 left on base; Knoxville 2 - Mobile 4 |
TOP OF THE 6TH |
Knoxville Blue Jays batting - Pitching for Mobile Bears : RHP Antonio Morales
|
Batting: RHB Eugene Pallavicini
|
0-0: Called Strike 0-1: Ball 1-1: Ball 2-1: Called Strike 2-2: Strikes out looking
|
Batting: RHB Jerry Royster
|
0-0: Called Strike 0-1: Ball 1-1: Ball 2-1: Ball 3-1: Foul Ball, location: 7LSF, Error on foul ball, E7 3-2: Ground out 1-3 (Groundball, 15S, EV 62.5 MPH)
|
Batting: RHB Dave Hogg
|
0-0: Ball 1-0: SINGLE (Line Drive, 9LM, EV 98.1 MPH)
|
Batting: RHB Alex Taveras
|
0-0: Foul Ball, location: 2F 0-1: Foul Ball, location: 2F 0-2: Ball 1-2: Ball 2-2: SINGLE (Groundball, 56, EV 83.8 MPH) (infield hit) Dave Hogg to second
|
Batting: RHB Jose Canseco
|
0-0: Ball 1-0: Called Strike 1-1: Fly out, F9 (Flyball, 89M, EV 93.8 MPH)
|
Top of the 6th over - 0 runs, 2 hits, 1 error, 2 left on base; Knoxville 2 - Mobile 4 |
BOTTOM OF THE 6TH |
Mobile Bears batting - Pitching for Knoxville Blue Jays : RHP Alex Orozco
|
Batting: SHB Dave Cochrane
|
0-0: Ball 1-0: Ball 2-0: Ground out 2-3 (Groundball, 2R, EV 66.9 MPH)
|
Batting: RHB Walter Steele
|
0-0: Ball 1-0: Ball 2-0: Ball 3-0: Called Strike 3-1: Base on Balls
|
Batting: RHB Rick Stromer
|
0-0: Ball 1-0: Called Strike 1-1: Ball 2-1: Ball 3-1: Foul Ball, location: 2F 3-2: Fly out, F8 (Flyball, 8RD, EV 90.0 MPH)
|
Batting: RHB Jim Opie
|
0-0: Ball 1-0: Called Strike 1-1: Ball 2-1: Swinging Strike 2-2: Foul Ball, location: 2F 2-2: Foul Ball, location: 2F 2-2: Ball 3-2: Foul Ball, location: 2F 3-2: Foul Ball, location: 2F 3-2: Base on Balls Walter Steele to second
|
Batting: LHB Jeffrey Szczecinski
|
0-0: Ball 1-0: Called Strike 1-1: Foul Ball, location: 2F 1-2: Ball 2-2: Ground out 6-3 (Groundball, 6S, EV 81.9 MPH)
|
Bottom of the 6th over - 0 runs, 0 hits, 0 errors, 2 left on base; Knoxville 2 - Mobile 4 |
TOP OF THE 7TH |
Knoxville Blue Jays batting - Pitching for Mobile Bears : RHP Antonio Morales
|
Batting: RHB Fritzie Connally
|
0-0: Foul Ball, location: 2F 0-1: Called Strike 0-2: Ball 1-2: Fly out, F8 (Line Drive, 8RD, EV 98.1 MPH)
|
Batting: LHB Dan Logan
|
0-0: Called Strike 0-1: Ball 1-1: Foul Ball, location: 2F 1-2: Foul Ball, location: 2F 1-2: Fly out, F8 (Flyball, 8LM, EV 91.3 MPH)
|
Batting: RHB Alex Villalobos
|
0-0: Ball 1-0: Ball 2-0: SINGLE (Groundball, 4MD, EV 102.5 MPH)
|
Batting: LHB Paul O'Neill
|
0-0: Foul Ball, location: 2F 0-1: Ball 1-1: Ball 2-1: Foul Ball, location: 2F 2-2: Foul Ball, location: 2F 2-2: Foul Ball, location: 2F 2-2: Foul Ball, location: 2F 2-2: Ball 3-2: Base on Balls Alex Villalobos to second
|
Pitching: RHP Wayne Guinn
|
|
Pinch Hitting: LHB Joe Bivins
|
0-0: Called Strike 0-1: Foul Ball, location: 2F 0-2: Ball 1-2: Ball 2-2: Ball 3-2: Foul Ball, location: 2F 3-2: Ground out 6-3 (Groundball, 6M, EV 100.0 MPH)
|
Top of the 7th over - 0 runs, 1 hit, 0 errors, 2 left on base; Knoxville 2 - Mobile 4 |
BOTTOM OF THE 7TH |
Mobile Bears batting - Pitching for Knoxville Blue Jays : RHP Alex Orozco
|
Now in CF: Ken Bolek
|
|
Batting: RHB Bob Hendershot
|
0-0: Called Strike 0-1: Foul Ball, location: 2F 0-2: Foul Ball, location: 2F 0-2: Ball 1-2: Ground out 5-3 (Groundball, 5, EV 83.8 MPH)
|
Batting: LHB Franklin Stubbs
|
0-0: Called Strike 0-1: Ball 1-1: Foul Ball, location: 2F 1-2: Foul Ball, location: 2F 1-2: Foul Ball, location: 2F 1-2: Foul Ball, location: 2F 1-2: Foul Ball, location: 2F 1-2: Ball 2-2: Strikes out looking
|
Batting: SHB Paul Hundhammer
|
0-0: Foul Ball, location: 2F 0-1: Ball 1-1: Ball 2-1: Called Strike 2-2: Strikes out swinging
|
Bottom of the 7th over - 0 runs, 0 hits, 0 errors, 0 left on base; Knoxville 2 - Mobile 4 |
TOP OF THE 8TH |
Knoxville Blue Jays batting - Pitching for Mobile Bears : RHP Wayne Guinn
|
Batting: RHB Jerry Royster
|
0-0: Ball 1-0: Ground out 5-3 (Groundball, 5L, EV 77.5 MPH)
|
Batting: RHB Dave Hogg
|
0-0: Ball 1-0: Swinging Strike 1-1: Foul Ball, location: 2F 1-2: Foul Ball, location: 2F 1-2: Strikes out swinging
|
Batting: RHB Alex Taveras
|
0-0: SINGLE (Line Drive, 8LS, EV 90.0 MPH)
|
Batting: RHB Jose Canseco
|
0-0: Ball 1-0: Ball 2-0: Ball 3-0: Called Strike 3-1: Base on Balls Alex Taveras to second
|
Pitching: RHP Harold Kelly
|
|
Batting: RHB Fritzie Connally
|
0-0: Ball 1-0: Ground out U3 (Groundball, 3, EV 83.1 MPH)
|
Top of the 8th over - 0 runs, 1 hit, 0 errors, 2 left on base; Knoxville 2 - Mobile 4 |
BOTTOM OF THE 8TH |
Mobile Bears batting - Pitching for Knoxville Blue Jays : RHP Alex Orozco
|
Pitching: RHP Charles Beasley
|
|
Batting: LHB Ken Smith
|
0-0: Called Strike 0-1: Ball 1-1: Ball 2-1: Foul Ball, location: 2F 2-2: Strikes out swinging
|
Batting: SHB Dave Cochrane
|
0-0: Called Strike 0-1: Swinging Strike 0-2: Ball 1-2: Strikes out swinging
|
Batting: RHB Walter Steele
|
0-0: Ball 1-0: Swinging Strike 1-1: Swinging Strike 1-2: Strikes out swinging
|
Bottom of the 8th over - 0 runs, 0 hits, 0 errors, 0 left on base; Knoxville 2 - Mobile 4 |
TOP OF THE 9TH |
Knoxville Blue Jays batting - Pitching for Mobile Bears : RHP Harold Kelly
|
Pitching: RHP Dave S Smith
|
|
Batting: LHB Dan Logan
|
0-0: Fly out, F8 (Flyball, 89S, EV 85.0 MPH)
|
Batting: RHB Alex Villalobos
|
0-0: SINGLE (Groundball, 4MD, EV 104.4 MPH)
|
Batting: LHB Paul O'Neill
|
0-0: Ball 1-0: Ball 2-0: DOUBLE (Line Drive, 78D, EV 100.0 MPH) Alex Villalobos to third
|
Batting: LHB Ken Bolek
|
0-0: Ball 1-0: Swinging Strike 1-1: Foul Ball, location: 2F 1-2: Ball 2-2: Ball 3-2: Base on Balls
|
Batting: RHB Jerry Royster
|
0-0: Called Strike 0-1: Called Strike 0-2: Ball 1-2: Ball 2-2: Ball 3-2: Grounds into double play, 5-4-3 (Groundball, 5, EV 88.8 MPH)
|
Top of the 9th over - 0 runs, 2 hits, 0 errors, 2 left on base; Knoxville 2 - Mobile 4 |
|